NCAA
VIRGINIA CAVALIERS @ OREGON STATE BEAVERS
04/25/2030
 
TOP OF THE 1ST
Virginia Cavaliers batting - Pitching for Oregon State Beavers : LHP Corey Patterson
Pitching: LHP Corey Patterson
Batting: LHB Randy Pérez 0-0: Foul Ball, location: 2F
0-1: Called Strike
0-2: SINGLE (Line Drive, 8LS)
Batting: LHB Jack Davis 0-0: Ball
1-0: Swinging Strike
1-1: Ball
2-1: SINGLE (Groundball, 4MD)
Randy Pérez to second
Pitching: RHP José Blanco
Batting: RHB Anthony Scott 0-0: Foul Ball, location: 2F
0-1: Called Strike
0-2: Strikes out swinging
Batting: LHB Andrés Méndez 0-0: Ball
1-0: Called Strike
1-1: Ball
2-1: Foul Ball, location: 2F
2-2: Strikes out swinging
Batting: SHB Frank Sewell 0-0: Ball
1-0: SINGLE (Line Drive, 6MD)
Randy Pérez to third
Jack Davis to second
Runner from 3rd tries for Home, SAFE, no throw
Batting: RHB Fletcher Richardson 0-0: Swinging Strike
0-1: Ground out 4-3 (Groundball, 4)
Top of the 1st over - 1 run, 3 hits, 0 errors, 2 left on base; Virginia 1 - Oregon State 0
BOTTOM OF THE 1ST
Oregon State Beavers batting - Pitching for Virginia Cavaliers : RHP Felipe Ortíz
Pitching: RHP Felipe Ortíz
Batting: LHB Fernando García 0-0: Fly out, F9 (Flyball, 89M)
Batting: LHB Guillermo Peña 0-0: Called Strike
0-1: Foul Ball, location: 2F
0-2: Ball
1-2: Ball
2-2: Fly out, F7 (Flyball, 7LS)
Batting: RHB Michael Kissinger 0-0: Ground out 5-3 (Groundball, 56)
Bottom of the 1st over - 0 runs, 0 hits, 0 errors, 0 left on base; Virginia 1 - Oregon State 0
TOP OF THE 2ND
Virginia Cavaliers batting - Pitching for Oregon State Beavers : RHP José Blanco
Batting: RHB Mark Greene 0-0: Called Strike
0-1: Swinging Strike
0-2: Ball
1-2: Foul Ball, location: 2F
1-2: Ground out 6-3 (Groundball, 56)
Batting: LHB Jason Thompson 0-0: Called Strike
0-1: Ball
1-1: Foul Ball, location: 2F
1-2: Ball
2-2: Ball
3-2: Foul Ball, location: 2F
3-2: Base on Balls
Batting: SHB Ed Andrews 0-0: Called Strike
0-1: Foul Ball, location: 2F
0-2: Ball
1-2: Ball
2-2: Strikes out swinging
Batting: LHB Randy Pérez 0-0: Ground out 4-3 (Groundball, 4)
Top of the 2nd over - 0 runs, 0 hits, 0 errors, 1 left on base; Virginia 1 - Oregon State 0
BOTTOM OF THE 2ND
Oregon State Beavers batting - Pitching for Virginia Cavaliers : RHP Felipe Ortíz
Batting: SHB Brandon Hathaway 0-0: Called Strike
0-1: Ball
1-1: Called Strike
1-2: Ball
2-2: SINGLE (Flyball, 9LM)
Batting: RHB Bert Smith 0-0: Called Strike
0-1: Called Strike
0-2: Strikes out swinging
Batting: RHB Julius Sears 0-0: Foul Ball, location: 2F
0-1: Foul Ball, location: 2F
0-2: Strikes out looking
Batting: LHB Dave Olsen 0-0: Foul Ball, location: 2F
0-1: Foul Ball, location: 2F
0-2: Ball
1-2: Ball
2-2: Foul Ball, location: 2F
2-2: Strikes out looking
Bottom of the 2nd over - 0 runs, 1 hit, 0 errors, 1 left on base; Virginia 1 - Oregon State 0
TOP OF THE 3RD
Virginia Cavaliers batting - Pitching for Oregon State Beavers : RHP José Blanco
Batting: LHB Jack Davis 0-0: Called Strike
0-1: SINGLE (Groundball, 4MD)
Batting: RHB Anthony Scott 0-0: Ball
1-0: SINGLE (Groundball, 4) (infield hit)
Jack Davis to second
Batting: LHB Andrés Méndez 0-0: Ball
1-0: DOUBLE (Groundball, 3L)
Jack Davis scores
Anthony Scott to third
Runner from 3rd tries for Home, SAFE, no throw
Batting: SHB Frank Sewell 0-0: Called Strike
0-1: Foul Ball, location: 2F
0-2: Strikes out swinging
Batting: RHB Fletcher Richardson 0-0: Called Strike
0-1: Ball
1-1: Foul Ball, location: 2F
1-2: 2-RUN HOME RUN (Flyball, 78XD), Distance : 380 ft
Batting: RHB Mark Greene 0-0: Ball
1-0: Ball
2-0: Fly out, F6 (Flyball, 56D)
Batting: LHB Jason Thompson 0-0: Ball
1-0: Ball
2-0: Swinging Strike
2-1: Ball
3-1: Swinging Strike
3-2: Base on Balls
Pitching: LHP Fernando García
Batting: SHB Ed Andrews 0-0: Called Strike
0-1: Ball
1-1: SINGLE (Line Drive, 4MD)
Jason Thompson to second
Batting: LHB Randy Pérez 0-0: Ball
1-0: Foul Ball, location: 2F
1-1: Swinging Strike
1-2: Ball
2-2: Foul Ball, location: 2F
2-2: Foul Ball, location: 2F
2-2: Ball
Wild Pitch!
Jason Thompson to third
Ed Andrews to second
3-2: Foul Ball, location: 2F
3-2: Foul Ball, location: 2F
3-2: Fly out, F3 (Popup, 3)
Top of the 3rd over - 4 runs, 5 hits, 0 errors, 2 left on base; Virginia 5 - Oregon State 0
BOTTOM OF THE 3RD
Oregon State Beavers batting - Pitching for Virginia Cavaliers : RHP Felipe Ortíz
Batting: LHB Drew Morris 0-0: Called Strike
0-1: SINGLE (Line Drive, 6)
Batting: RHB Ray Picot 0-0: Ball
Drew Morris steals 2nd base
1-0: Called Strike
1-1: Ball
2-1: Called Strike
2-2: Foul Ball, location: 2F
2-2: Ball
3-2: Foul Ball, location: 2F
3-2: Strikes out swinging
Batting: LHB Fernando García 0-0: Called Strike
0-1: Swinging Strike
0-2: Strikes out looking
Batting: LHB Guillermo Peña 0-0: Ball
1-0: Foul Ball, location: 2F
1-1: Foul Ball, location: 2F
1-2: Ball
2-2: 2-RUN HOME RUN (Flyball, 9LD), Distance : 332 ft
Batting: RHB Michael Kissinger 0-0: Ball
1-0: Ball
2-0: Ball
3-0: Called Strike
3-1: SINGLE (Groundball, 4MD)
Batting: SHB Brandon Hathaway 0-0: Ball
1-0: Called Strike
1-1: Ball
2-1: Ball
3-1: Base on Balls
Michael Kissinger to second
Batting: RHB Bert Smith 0-0: Ball
1-0: Ball
2-0: Called Strike
2-1: Ground out U3 (Groundball, 34)
Bottom of the 3rd over - 2 runs, 3 hits, 0 errors, 2 left on base; Virginia 5 - Oregon State 2
TOP OF THE 4TH
Virginia Cavaliers batting - Pitching for Oregon State Beavers : LHP Fernando García
Batting: LHB Jack Davis 0-0: Ball
1-0: Called Strike
1-1: Swinging Strike
1-2: Strikes out swinging
Batting: RHB Anthony Scott 0-0: Called Strike
0-1: Called Strike
0-2: Ball
1-2: Foul Ball, location: 2F
1-2: Strikes out looking
Batting: LHB Andrés Méndez 0-0: Called Strike
0-1: Ball
1-1: Ball
2-1: Foul Ball, location: 2F
2-2: Foul Ball, location: 2F
2-2: Fly out, F9 (Flyball, 9LSF)
Top of the 4th over - 0 runs, 0 hits, 0 errors, 0 left on base; Virginia 5 - Oregon State 2
BOTTOM OF THE 4TH
Oregon State Beavers batting - Pitching for Virginia Cavaliers : RHP Felipe Ortíz
Batting: RHB Julius Sears 0-0: Ball
1-0: Fly out, F3 (Popup, 23F)
Batting: LHB Dave Olsen 0-0: Called Strike
0-1: SINGLE (Line Drive, 7S)
Batting: LHB Drew Morris 0-0: Called Strike
0-1: Fly out, F7 (Flyball, 7LS)
Batting: RHB Ray Picot 0-0: Called Strike
Dave Olsen steals 2nd base
0-1: Ball
1-1: Swinging Strike
1-2: Foul Ball, location: 2F
1-2: Foul Ball, location: 2F
1-2: Strikes out swinging
Bottom of the 4th over - 0 runs, 1 hit, 0 errors, 1 left on base; Virginia 5 - Oregon State 2
TOP OF THE 5TH
Virginia Cavaliers batting - Pitching for Oregon State Beavers : LHP Fernando García
Batting: SHB Frank Sewell 0-0: Ball
1-0: Foul Ball, location: 2F
1-1: Foul Ball, location: 2F
1-2: Ball
2-2: Strikes out swinging
Batting: RHB Fletcher Richardson 0-0: Foul Ball, location: 2F
0-1: Foul Ball, location: 2F
0-2: Ball
1-2: Ball
2-2: Strikes out swinging
Batting: RHB Mark Greene 0-0: Called Strike
0-1: Ball
1-1: Foul Ball, location: 2F
1-2: Strikes out swinging
Top of the 5th over - 0 runs, 0 hits, 0 errors, 0 left on base; Virginia 5 - Oregon State 2
BOTTOM OF THE 5TH
Oregon State Beavers batting - Pitching for Virginia Cavaliers : RHP Felipe Ortíz
Batting: LHB Fernando García 0-0: Fly out, F8 (Flyball, 8LD)
Batting: LHB Guillermo Peña 0-0: Called Strike
0-1: Ball
1-1: SINGLE (Groundball, 4) (infield hit)
Batting: RHB Michael Kissinger 0-0: Foul Ball, location: 2F
0-1: Foul Ball, location: 2F
0-2: Ball
1-2: SINGLE (Flyball, 9S)
Guillermo Peña to second
Runner from 2nd tries for 3rd, SAFE, throw made to third
Batting: SHB Brandon Hathaway Pickoff Throw to First - Out!
0-0: Ball
1-0: Called Strike
1-1: SINGLE (Line Drive, 7S)
Guillermo Peña scores
Batting: RHB Bert Smith 0-0: Foul Ball, location: 2F
0-1: Called Strike
0-2: Strikes out swinging
Bottom of the 5th over - 1 run, 3 hits, 0 errors, 1 left on base; Virginia 5 - Oregon State 3
TOP OF THE 6TH
Virginia Cavaliers batting - Pitching for Oregon State Beavers : LHP Fernando García
Batting: LHB Jason Thompson 0-0: Ball
1-0: Ground out 5-3 (Groundball, 56S)
Batting: SHB Ed Andrews 0-0: Called Strike
0-1: Ball
1-1: Swinging Strike
1-2: Ball
2-2: Foul Ball, location: 2F
2-2: Ball
3-2: Foul Ball, location: 2F
3-2: Strikes out swinging
Batting: LHB Randy Pérez 0-0: Ball
1-0: Foul Ball, location: 2F
1-1: Ball
2-1: Reached on error, E1 (Groundball, 15S)
Batting: LHB Jack Davis 0-0: Ball
1-0: Ball
2-0: Called Strike
2-1: SINGLE (Flyball, 7LS)
Randy Pérez to second
Batting: RHB Anthony Scott 0-0: Ball
1-0: SINGLE (Groundball, 6) (infield hit)
Randy Pérez to third
Jack Davis to second
Batting: LHB Andrés Méndez 0-0: Ball
1-0: Ball
2-0: Called Strike
2-1: Fly out, F7 (Flyball, 7LD)
Top of the 6th over - 0 runs, 2 hits, 1 error, 3 left on base; Virginia 5 - Oregon State 3
BOTTOM OF THE 6TH
Oregon State Beavers batting - Pitching for Virginia Cavaliers : RHP Felipe Ortíz
Pitching: LHP Henry Alemán
Batting: RHB Julius Sears 0-0: Ball
1-0: Ball
2-0: Ball
3-0: Foul Ball, location: 2F
3-1: SINGLE (Flyball, 78M)
Batting: LHB Dave Olsen 0-0: Ball
1-0: Ball
2-0: Foul Ball, location: 2F
2-1: Ball
3-1: Called Strike
3-2: Base on Balls
Julius Sears to second
Batting: LHB Drew Morris 0-0: Foul Ball, location: 2F
0-1: Foul Ball, location: 2F
0-2: Reached via error on a dropped throw, E6
Julius Sears to third
Dave Olsen to second
Batting: RHB Ray Picot 0-0: SINGLE (Groundball, 34D)
Julius Sears scores
Dave Olsen to third
Drew Morris to second
Batting: LHB Fernando García 0-0: Called Strike
0-1: Foul Ball, location: 2F
0-2: Foul Ball, location: 2F
0-2: Strikes out looking
Batting: LHB Guillermo Peña 0-0: Foul Ball, location: 2F
0-1: Ball
1-1: Swinging Strike
1-2: Ball
2-2: Foul Ball, location: 2F
2-2: Strikes out swinging
Batting: RHB Michael Kissinger 0-0: Ball
1-0: SINGLE (Line Drive, 34D)
Dave Olsen scores
Drew Morris to third
Ray Picot to second
Runner from 3rd tries for Home, SAFE, no throw
Pitching: RHP Robby Robinson
Batting: SHB Brandon Hathaway 0-0: Ground out 4-3 (Groundball, 4M)
Bottom of the 6th over - 3 runs, 3 hits, 1 error, 2 left on base; Virginia 5 - Oregon State 6
TOP OF THE 7TH
Virginia Cavaliers batting - Pitching for Oregon State Beavers : LHP Fernando García
Pitching: RHP Steve McDonald
Batting: SHB Frank Sewell 0-0: Called Strike
0-1: Fly out, F7 (Flyball, 78M)
Batting: RHB Fletcher Richardson 0-0: Ball
1-0: Foul Ball, location: 2F
1-1: Called Strike
1-2: Ball
2-2: Ball
3-2: Strikes out looking
Batting: RHB Mark Greene 0-0: Ball
1-0: Swinging Strike
1-1: Fly out, F7 (Flyball, 7)
Top of the 7th over - 0 runs, 0 hits, 0 errors, 0 left on base; Virginia 5 - Oregon State 6
BOTTOM OF THE 7TH
Oregon State Beavers batting - Pitching for Virginia Cavaliers : RHP Robby Robinson
Batting: RHB Bert Smith 0-0: Ball
1-0: Ball
2-0: Ball
3-0: Called Strike
3-1: Base on Balls
Batting: RHB Julius Sears 0-0: Ball
1-0: Foul Ball, location: 2F
1-1: Ball
2-1: Ball
3-1: Base on Balls
Bert Smith to second
Batting: LHB Dave Olsen 0-0: Called Strike
0-1: SINGLE (Line Drive, 4D)
Bert Smith to third
Julius Sears to second
Batting: LHB Drew Morris 0-0: Called Strike
0-1: Ball
1-1: Foul Ball, location: 2F
1-2: Foul Ball, location: 2F
1-2: Fly out, F9 (Flyball, 89S)
Runner from 3rd tags up, SCORES, no throw
Pinch Hitting: RHB Ed Edmonds 0-0: Ball
1-0: Ball
2-0: Ball
3-0: Called Strike
3-1: Ground out 6-3 (Groundball, 6MS)
Julius Sears to third
Dave Olsen to second
Batting: LHB Fernando García 0-0: Called Strike
0-1: Ball
1-1: Foul Ball, location: 2F
1-2: DOUBLE (Flyball, 8LD)
Julius Sears scores
Dave Olsen scores
Pitching: RHP Michael Crosby
Batting: LHB Guillermo Peña 0-0: Called Strike
0-1: Swinging Strike
0-2: Ball
1-2: Fly out, F9 (Flyball, 89M)
Bottom of the 7th over - 3 runs, 2 hits, 0 errors, 1 left on base; Virginia 5 - Oregon State 9
TOP OF THE 8TH
Virginia Cavaliers batting - Pitching for Oregon State Beavers : RHP Steve McDonald
Now at SS: Ed Edmonds
Batting: LHB Jason Thompson 0-0: Ball
1-0: Ball
2-0: Ball
3-0: Base on Balls
Batting: SHB Ed Andrews 0-0: Ball
1-0: Fly out, F9 (Flyball, 9LD)
Batting: LHB Randy Pérez 0-0: Ball
1-0: Foul Ball, location: 2F
1-1: Grounds into double play, 1-6-3 (Groundball, P)
Top of the 8th over - 0 runs, 0 hits, 0 errors, 0 left on base; Virginia 5 - Oregon State 9
BOTTOM OF THE 8TH
Oregon State Beavers batting - Pitching for Virginia Cavaliers : RHP Michael Crosby
Batting: RHB Michael Kissinger 0-0: Ball
1-0: Ball
2-0: Ball
3-0: Base on Balls
Batting: SHB Brandon Hathaway 0-0: Ball
1-0: Called Strike
1-1: Ball
2-1: Swinging Strike
2-2: Foul Ball, location: 2F
2-2: 2-RUN HOME RUN (Flyball, 7D), Distance : 354 ft
Batting: RHB Bert Smith 0-0: Called Strike
0-1: Swinging Strike
0-2: Strikes out swinging
Batting: RHB Julius Sears 0-0: Ball
1-0: Called Strike
1-1: Foul Ball, location: 2F
1-2: Strikes out swinging
Batting: LHB Dave Olsen 0-0: Ball
1-0: Ground out 4-3 (Groundball, 4)
Bottom of the 8th over - 2 runs, 1 hit, 0 errors, 0 left on base; Virginia 5 - Oregon State 11
TOP OF THE 9TH
Virginia Cavaliers batting - Pitching for Oregon State Beavers : RHP Steve McDonald
Now at 1B: Wallace Harris
Batting: LHB Jack Davis 0-0: Swinging Strike
0-1: Swinging Strike
0-2: Ball
1-2: Ball
2-2: Ball
3-2: Ground out 1-3 (Groundball, P)
Batting: RHB Anthony Scott 0-0: Ball
1-0: Swinging Strike
1-1: Foul Ball, location: 2F
1-2: Strikes out swinging
Batting: LHB Andrés Méndez 0-0: Ball
1-0: Fly out, F4 (Line Drive, 4)
Top of the 9th over - 0 runs, 0 hits, 0 errors, 0 left on base; Virginia 5 - Oregon State 11
Saturday, April 7th, 2018 - OOTP Baseball 18.8 Build 76